AoeStats
← PNAL | x_lintu_x

Arabia

509139940Analyzed
1v1 RM · 7d ago on Sep 25, 2026· 27m 42s· 2 players
Game mode
Random Map
Map size
Tiny (2 player)
Population
200
Speed
Normal
Resources
Standard
Victory
Conquest
Starting age
Dark Age
Ending age
Imperial Age
RankedLock teamsTeams togetherTeam positionsShared explorationLock speedFull tech treeHidden civsTurbo modeCheats
Victory
Defeat
🇲🇽 Bengalis · Mexico
1137
+15
🇦🇷 Ethiopians · Argentina
1111
-15
PNAL | x_lintu_x
6:28 Loom
9:01 Feudal Age
9:44 Double-Bit Axe
15:00 Fletching
16:42 Padded Archer Armor
23:01 Castle Age
23:07 Crossbowman
23:13 Light Cavalry
26:04 Gold Mining
JAGR | Arthur King MX
7:23 Loom
10:23 Feudal Age
11:12 Double-Bit Axe
11:11 Horse Collar
13:58 Fletching
14:12 Padded Archer Armor
15:55 Fletching
21:16 Wheelbarrow
24:03 Castle Age
22:52 Gold Mining
24:27 Bloodlines
25:03 Bodkin Arrow
25:48 Leather Archer Armor
26:00 Husbandry
Connection lost

Rejoining the realm…

Still unreachable

The connection could not be restored.

Session expired

The server has moved on; the page needs a fresh start.